 Dungeon Crawl Stone Soup version 0.30-a0-743-gbfdf073431 (webtiles) character file.

Game seed: 8149515434883448487

56 Leeroy the Slasher (level 3, 0/18 HPs)
             Began as a Vine Stalker Warper on Feb 7, 2023.
             Succumbed to an adder's poison
             ... on level 2 of the Dungeon.
             The game lasted 00:01:30 (1181 turns).

Leeroy the Slasher (Vine Stalker Warper)            Turns: 1181, Time: 00:01:31

Health: 0/18       AC:  4    Str: 13    XL:     3   Next: 97%
Magic:  1/7        EV: 11    Int: 13    God:
Gold:   73         SH:  0    Dex: 15    Spells: 6/6 levels left

rFire   . . .      SeeInvis .    a - +0 falchion
rCold   . . .      Faith    .    (no shield)
rNeg    . . .      Spirit   +    b - +0 leather armour
rPois   .          Reflect  .    (no helmet)
rElec   .          Harm     .    (no cloak)
rCorr   .          Rampage  .    e - +0 pair of gloves
Will    .....                    (no boots)
Stlth   +                        (no amulet)
HPRegen 0.23/turn                (no ring)
MPRegen 0.10/turn                (no ring)

@: lethally poisoned (0 -> -5), flying
A: fangs 2, magic shield, antimagic bite, no potion heal 2
a: no special abilities


You were on level 2 of the Dungeon.
You visited 1 branch of the dungeon, and saw 2 of its levels.

You collected 73 gold pieces.

Inventory:

Hand Weapons
 a - a +0 falchion (weapon)
Missiles
 d - 7 boomerangs of dispersal (quivered)
 i - 4 poisoned darts
Armour
 b - a +0 leather armour (worn)
 e - a +0 pair of gloves (worn)
Scrolls
 c - a scroll of blinking
 f - a scroll of identify {unknown}
 g - a scroll of magic mapping {unknown}
 h - a scroll of vulnerability {unknown}
 k - a scroll of fog {unknown}
 m - a scroll of torment {unknown}
Potions
 j - 2 potions of heal wounds


   Skills:
 - Level 1.7 Fighting
 + Level 3.7 Long Blades
 - Level 0.8 Throwing
 - Level 0.7 Armour
 - Level 1.5 Dodging
 - Level 2.1 Spellcasting
 - Level 3.0 Translocations


You had 6 spell levels left.
You didn't know any spells.
Your spell library contained the following spells:

 Spells                   Type           Power      Damage    Failure   Level
 Blink                    Tloc           18%        N/A       14%         2
 Lesser Beckoning         Tloc           18%        N/A       14%         2
 Teleport Other           Tloc           9%         N/A       28%         3
 Magic Dart               Conj           4%         1d3       32%         1
 Call Imp                 Summ           1%         N/A       43%         2
 Vhi's Electric Charge    Tloc/Air       10%        N/A       45%         3
 Mephitic Cloud           Conj/Pois/Air  1%         N/A       67%         3
 Manifold Assault         Tloc           9%         N/A       67%         4


Dungeon Overview and Level Annotations

Branches:
Dungeon (2/15)

Altars:


Innate Abilities, Weirdness & Mutations

You have extremely sharp teeth.
When hurt, damage is shared between your health and your magic reserves.
Your bite disrupts and absorbs the magic of your enemies.
Potions cannot restore your health.


Message History

You are no longer poisoned.
The adder bites you. The adder bites you but does no damage.
You are too injured to fight recklessly!
The adder barely misses you.
You are too injured to fight recklessly!
You miss the adder. Your bite misses the adder.
The adder is severely wounded.
The adder bites you but does no damage. The adder barely misses you.
The adder bites you but does no damage.
You miss the adder.
The adder is severely wounded.
The adder bites you but does no damage. x2
You hit the adder. Your bite misses the adder.
The adder is almost dead.
The adder bites you. The adder barely misses you.
The adder bites you but does no damage. The adder closely misses you.
You completely miss the adder. Your bite misses the adder.
The adder is almost dead.
The adder closely misses you. The adder bites you.
* * * LOW HITPOINT WARNING * * *
You are poisoned.
The adder poisons you!
Okay, then.
It was a potion of heal wounds.
That seemed strangely inert.
* * * LOW HITPOINT WARNING * * *
You feel sick. The adder bites you.
* * * LOW HITPOINT WARNING * * *
The adder closely misses you. The adder barely misses you.
You miss the adder.
The adder is almost dead.
* * * LOW HITPOINT WARNING * * *
You feel sick. The adder bites you but does no damage. The adder bites you.
You are more poisoned.
The adder poisons you! The adder bites you but does no damage.
It was a potion of flight.
You feel very buoyant.
You fly up into the air.
* * * LOW HITPOINT WARNING * * *
You feel sick. The adder barely misses you. The adder closely misses you.
You die...

........##.####............#
####
........+..................#
#...
........##..###............#
#... .###.####
#.###............###...
#...#..................
#####...<.................
........#########.........
.......S##### #.........
.......S.@..# #.........
........#....# ######....
#####...#.....######......
#...#...#....#...#....
#...#...#.......##....
....#...#.....>..†....
.....#####.......#.....
...... #.......#.....
#.(.....#.####


You could see 2 adders.

Vanquished Creatures
  An adder (D:2)
  2 dart slugs
  6 ball pythons
  2 endoplasms (D:1)
  2 giant cockroaches (D:1)
  4 goblins
  2 hobgoblins (D:1)
  2 jackals (D:1)
  A quokka (D:1)
  7 bats
  3 frilled lizards
  4 kobolds
  4 rats
40 creatures vanquished.

Notes
Turn   | Place    | Note
-------+----------+-------------------------------------------
     0 | D:1      | Leeroy the Vine Stalker Warper began the quest for the Orb.
     0 | D:1      | Reached XP level 1. HP: 11/11 MP: 4/4
   170 | D:1      | Reached XP level 2. HP: 15/15 MP: 6/6
   463 | D:1      | Reached XP level 3. HP: 17/18 MP: 7/7
  1181 | D:2      | Succumbed to an adder's poison

Illustrated notes

Levels and vault maps discovered:
D:1:      dpeg_arrival_houses_and_road, layout_loops_ring,
          amcnicky_mini_pool_small
D:2:      layout_basic

Skill      XL: |  1  2 |
---------------+-------+-----
Long Blades    | 2 3 |  3.7
Fighting       | |  1.7
Throwing       | |  0.8
Armour         | |  0.7
Dodging        | |  1.5
Spellcasting   | |  2.1
Translocations | |  3.0

Action                     || total
---------------------------++-------
  Melee: Falchion          ||   115
         Bite              ||    19
         Punch             ||     1
    Use: Potion            ||     2
 Armour: Leather armour    ||    55
  Dodge: Dodged            ||    91

Table legend: (Time is in decaauts)
 A = Elapsed time spent in this place.
 B = Non-inter-level travel time spent in this place.
 C = Inter-level travel time spent in this place.
 D = Time resting spent in this place.
 E = Time spent auto-exploring this place.
 F = Levels seen in this place.
 G = Mean time per level.
                   A        B        C        D        E       F      G
               +--------+--------+--------+--------+--------+-----+--------+
         Total |   1197 |   1153 |     44 |      0 |    865 |   2 |  598.5 |
       Dungeon |   1197 |   1153 |     44 |      0 |    865 |   2 |  598.5 |
               +--------+--------+--------+--------+--------+-----+--------+

Top non-repeatable levels by time:
     D:1: 815 daAuts
     D:2: 382 daAuts
